 Dungeon Crawl Stone Soup version 0.21.1-1-g345015fe64 (webtiles) character file.

98 KingHarkinian the Cudgeler (level 4, 0/29 HPs)
             Began as a Gargoyle Berserker on Apr 14, 2018.
             Was a Believer of Trog.
             Slain by an ogre
             ... wielding a +0 giant club
              (22 damage)
             ... on level 4 of the Dungeon.
             The game lasted 00:05:53 (1110 turns).

KingHarkinian the Cudgeler (Gargoyle Berserker)     Turns: 1110, Time: 00:05:54

Health: 0/29       AC: 14    Str: 22    XL:     4   Next: 69%
Magic:  4/4        EV:  6    Int:  7    God:    Trog [**....]
Gold:   156        SH:  4    Dex:  9    Spells: 3/3 levels left

rFire    . . .     SeeInvis .   r - +0 flail
rCold    . . .     Gourm    .   f - +2 buckler
rNeg     + . .     Faith    .   q - +0 plate armour
rPois    ∞         Spirit   .   (no helmet)
rElec    +         Reflect  .   (no cloak)
rCorr    .         Harm     .   (no gloves)
MR       .....                  (no boots)
Stlth    ..........             (no amulet)
HPRegen  0.09/turn              (no ring)
MPRegen  0.09/turn              (no ring)

@: berserk cooldown
A: negative energy resistance 1, electricity resistance, unbreathing,
petrification resistance, rot immunity, AC +3
a: Berserk, Trog's Hand, Burn Spellbooks, Renounce Religion


You were on level 4 of the Dungeon.
You worshipped Trog.
Trog was pleased with you.
You were not hungry.

You visited 1 branch of the dungeon, and saw 3 of its levels.

You collected 156 gold pieces.

Inventory:

Hand Weapons
 a - a +0 mace
 r - a +0 flail (weapon)
Missiles
 h - 91 stones (quivered)
Armour
 b - a +0 animal skin
 f - a +2 buckler (worn)
 i - a +0 leather armour
 p - a +0 ring mail
 q - a +0 plate armour (worn)
Scrolls
 j - a scroll of blinking {unknown}
 l - a scroll of random uselessness {unknown}
 m - 3 scrolls of teleportation {unknown}
Potions
 e - a potion of might {unknown}
 g - a potion of resistance {unknown}
 k - a potion of haste {unknown}
 n - a potion of curing {unknown}
 o - 2 potions of mutation {unknown}
Comestibles
 c - 4 rations
 d - 6 chunks of flesh


   Skills:
 + Level 4.2 Fighting
 * Level 4.5 Maces & Flails
 + Level 2.4 Armour
 - Level 1.5 Dodging


You had 3 spell levels left.
You didn't know any spells.

Dungeon Overview and Level Annotations

Branches:
Dungeon (2/15)

Altars:
Dithmenos


Innate Abilities, Weirdness & Mutations

You are resistant to torment.
Your stone body is resilient. (AC +3)
You are immune to poison.
You resist negative energy. (rN+)
You are resistant to electric shocks. (rElec)
You can survive without breathing.
You are immune to petrification.
You are immune to rotting.


Message History

A quokka and a giant cockroach come into view.
Found a stone staircase leading down.
Found a stone staircase leading up.
You hit the giant cockroach.
The giant cockroach is moderately wounded.
The quokka bites you.
The giant cockroach bites you but does no damage.
The quokka bites you. You block the ogre's attack.
You completely miss the giant cockroach.
The giant cockroach is moderately wounded.
The giant cockroach barely misses you.
The quokka twitches its whiskers.
The quokka bites you but does no damage.
The giant cockroach bites you but does no damage.
You sock the giant cockroach!
You kill the giant cockroach!
Trog accepts your kill. You block the quokka's attack.
The ogre hits you with a giant club!!
Ouch! That really hurt!
You die...

#########
#.......#
#.#####.#
#.#####.#
#.##..O.###
#.##..@r..#
#)####†##.#
###########......#
.#
.....).........#.#
#
##############.#.#
#.#># #<# #.#


You could see an ogre and a quokka.

Vanquished Creatures
  An orc wizard (D:4)
  2 adders (D:2)
  3 dart slugs
  A leopard gecko (D:1)
  2 orcs (D:4)
  2 bats
  2 giant cockroaches
  11 goblins
  3 hobgoblins
  5 kobolds
  A quokka (D:2)
  2 ball pythons
  2 frilled lizards
  5 rats (D:1)
42 creatures vanquished.

Notes
Turn   | Place    | Note
-------+----------+-------------------------------------------
     0 | D:1      | KingHarkinian the Gargoyle Berserker began the quest for the Orb.
     0 | D:1      | Reached XP level 1. HP: 14/14 MP: 1/1
    90 | D:1      | Reached XP level 2. HP: 15/19 MP: 2/2
   545 | D:2      | Reached XP level 3. HP: 24/24 MP: 3/3
   589 | D:2      | Reached ** piety under Trog
   888 | D:2      | Reached XP level 4. HP: 29/29 MP: 4/4
   995 | D:2      | Found a shadowy altar of Dithmenos.
  1045 | D:2      | You fall through a shaft for 2 floors!
  1078 | D:4      | Noticed an ogre
  1110 | D:4      | Slain by an ogre

Skill      XL: |  1  2  3 |
---------------+----------+-----
Maces & Flails | 4 |  4.5
Fighting       | 4 |  4.2
Armour         | |  2.4
Dodging        | |  1.5

Action                   |  1- 3 |  4- 6 || total
-------------------------+-------+-------++-------
Melee: Mace              |   114 |    15 ||   129
       Flail             |       |     3 ||     3
Throw: Stone             |     6 |       ||     6
Invok: Berserk           |     1 |     1 ||     2
  Eat: Chunk             |     1 |     2 ||     3
Armor: Animal skin       |     9 |       ||     9
       Leather armour    |    30 |       ||    30
       Ring mail         |     3 |       ||     3
       Plate armour      |       |    10 ||    10
Dodge: Dodged            |    76 |     4 ||    80
Block: Buckler           |    23 |     5 ||    28
